 Dungeon Crawl Stone Soup version 0.31-a0-219-g8d62b2e7bb (webtiles) character file.

Game seed: 1909652519960328516

102 qw the Shooter (level 4, -23/26 HPs)
             Began as a Gargoyle Hexslinger on July 3, 2023.
             Annihilated by an ogre
             ... wielding a +0 giant spiked club
              (26 damage)
             ... on level 2 of the Dungeon.
             The game lasted 00:00:37 (981 turns).

qw the Shooter (Gargoyle Hexslinger)                 Turns: 981, Time: 00:00:37

Health: -23/26     AC:  5    Str: 11    XL:     4   Next: 78%
Magic:  5/5        EV: 12    Int: 14    God:
Gold:   97         SH:  0    Dex: 14    Spells: 4/5 levels left

rFire   . . .        Y - +1 sling
rCold   . . .        (no shield)
rNeg    + . .        c - +0 robe
rPois   inf          (no helmet)
rElec   +            (no cloak)
rCorr   .            (no gloves)
SInv    .            (no boots)
Will    .....        g - amulet of the acrobat
Stlth   +            (no ring)
HPRegen 0.24/turn    (no ring)
MPRegen 0.09/turn

%: acrobat
@: no status effects
A: sickness immunity, AC +3, negative energy resistance 1, electricity
resistance, torment resistance 1, petrification resistance
a: no special abilities


You were on level 2 of the Dungeon.
You visited 1 branch of the dungeon, and saw 2 of its levels.

You collected 97 gold pieces.


Innate Abilities, Weirdness & Mutations

You are immune to sickness and miasma.
Your stone body is resilient. (AC +3)
You are immune to poison.
You resist negative energy. (rN+)
You are resistant to electric shocks. (rElec)
You are resistant to unholy torment.
You are immune to petrification.


   Skills:
 - Level 2.0 Fighting
 + Level 4.5 Ranged Weapons
 - Level 1.5 Dodging
 - Level 1.0 Spellcasting
 - Level 2.6 Hexes


You had 4 spell levels left.
You knew the following spells:

 Your Spells              Type           Power      Damage    Failure   Level
a - Slow                  Hex            32%        N/A       9%          1

Your spell library contained the following spells:

 Spells                   Type           Power      Damage    Failure   Level
 Inner Flame              Hex/Fire       4%         N/A       41%         3
 Portal Projectile        Hex/Tloc       8%         N/A       41%         3
 Cause Fear               Hex            4%         N/A       65%         4

Inventory:

Hand Weapons
 Y - a +1 sling (weapon)
Armour
 a - a +0 pair of gloves
 c - a +0 robe (worn)
 h - a +0 leather armour
 k - a +0 ring mail
Jewellery
 g - an amulet of the acrobat (around neck)
Scrolls
 b - a scroll of revelation {unknown}
Potions
 d - 2 potions of mutation {unknown}
 e - a potion of enlightenment {unknown}
 f - a potion of curing
 i - a potion of haste {unknown}
 j - a potion of invisibility {unknown}

Dungeon Overview and Level Annotations

Branches:
Dungeon (2/15)

Altars:

Annotations:
D:2 Natasha


Message History

Enter note:
Enter note:
Enter note:
Enter note:
Enter note:
Enter note:
Enter note:
Enter note: You shoot a sling bullet.
The sling bullet barely misses the ogre.
You shoot a sling bullet. The sling bullet hits the ogre.
The ogre is moderately wounded.
You now have 97 gold pieces (gained 12).
Things that are here:
a +0 mace; a scroll of vulnerability; an orc corpse Natasha, Servant of Life and Death comes into view.
You shoot a sling bullet.
Natasha hisses angrily.
The sling bullet hits the ogre.
The ogre is heavily wounded.
You shoot a sling bullet.
The sling bullet barely misses the ogre.
Natasha wildly gestures.
You feel disoriented.
Natasha stares at you and mumbles some strange words.
The magic dart hits you.
The ogre hits you with a +0 giant spiked club!!
Ouch! That really hurt!
You shoot a sling bullet. The sling bullet hits the ogre.
The ogre is severely wounded.
You shoot a sling bullet.
The sling bullet barely misses the ogre.
The ogre barely misses you.
Natasha howls an incantation.
You feel troubled.
You shoot a sling bullet.
The sling bullet barely misses the ogre.
The ogre hits you with a +0 giant spiked club!!
Ouch! That really hurt!
You die...

.......#.#.##..
.......#...##.#
#####%#######.####
.................#
.......######....#
.......# #....#
######## #....####
#.......#
#...@##....
#..|Oh.....?
#......####..
#.#..##.. #....#.
... #...# # .....
#... ...# #..#
..#)


You could see an ogre and Natasha.

Vanquished Creatures
  5 adders (D:2)
  A worm (D:2)
  A dart slug (D:2)
  An orc (D:2)
  3 ball pythons
  3 endoplasms
  3 giant cockroaches (D:1)
  6 goblins
  7 hobgoblins
  6 jackals (D:1)
  3 kobolds
  2 quokkas (D:1)
  2 bats
  2 frilled lizards (D:2)
  3 rats (D:1)
48 creatures vanquished.

Notes
Turn   | Place    | Note
-------+----------+-------------------------------------------
     0 | D:1      | qw the Gargoyle Hexslinger began the quest for the Orb.
     0 | D:1      | Reached XP level 1. HP: 12/12 MP: 2/2
     0 | D:1      | 0 ||| qw: Version: 0.3-a-40-ge99b1a8
     0 | D:1      | 0 ||| qw: Game counter: 444
     0 | D:1      | 0 ||| qw: Melee chars always use a shield: true
     0 | D:1      | 0 ||| qw: God list: Okawaru
     0 | D:1      | 0 ||| qw: Allow faded altars: false
     0 | D:1      | 0 ||| qw: Do Orc after clearing Dungeon:15 true
     0 | D:1      | 0 ||| qw: Do second Lair branch before Depths: true
     0 | D:1      | 0 ||| qw: Lair rune preference: random
     0 | D:1      | 0 ||| qw: Goals: Normal
     0 | D:1      | 0 ||| PLANNING D:1-11
    87 | D:1      | Reached XP level 2. HP: 16/16 MP: 3/3
   169 | D:1      | Found a faded altar of an unknown god.
   229 | D:1      | Reached skill level 3 in Ranged Weapons
   242 | D:1      | HP: 3/16 [jackal (2)]
   365 | D:1      | Reached XP level 3. HP: 21/21 MP: 4/4
   601 | D:1      | 601 ||| UPGRADING to amulet of the acrobat.
   606 | D:1      | 606 ||| READING scroll labelled EMIAWAWAPUR.
   607 | D:1      | 607 ||| READING scroll labelled DOARRE TIEPH.
   608 | D:1      | 608 ||| READING scroll labelled KUVVID PY OLIY.
   612 | D:1      | 612 ||| DRINKING 2 fizzy pink potions.
   613 | D:1      | 613 ||| DROPPING scroll of poison.
   720 | D:2      | Reached XP level 4. HP: 26/26 MP: 5/5
   764 | D:2      | Reached skill level 4 in Ranged Weapons
   973 | D:2      | Noticed an ogre
   976 | D:2      | Noticed Natasha
   978 | D:2      | HP: 2/26 [ogre/+0 giant spiked club (18)]
   981 | D:2      | Annihilated by an ogre

Levels and vault maps discovered:
D:1:      lightli_arrival_maybe_door_vault, layout_basic,
          shapermc_ecumenical_altar_gd
D:2:      layout_basic, minmay_circled_x, uniq_natasha

Skill      XL: |  1  2  3  4 |
---------------+-------------+-----
Ranged Weapons | 3 4 |  4.5
Fighting       | 2 |  2.0
Dodging        | |  1.5
Spellcasting   | |  1.0
Hexes          | |  2.6

Action                     |  1- 3 |  4- 6 || total
---------------------------+-------+-------++-------
   Fire: Sling             |   104 |    64 ||   168
    Use: Scroll            |     3 |       ||     3
         Potion            |     1 |       ||     1
 Armour: Robe              |    26 |    13 ||    39
  Dodge: Dodged            |    70 |    18 ||    88

Table legend:
 A = Non-vault XP
 B = Vault XP
 C = Vault XP percentage of total XP
 D = Non-vault monster count
 E = Vault monster count
 F = Vault count percentage of total count
                 A         B        C        D         E       F
            +---------+---------+-------+---------+---------+-------
      Total |     139 |       8 |   5.4 |      44 |       4 |   8.3
            +---------+---------+-------+---------+---------+-------
        D:1 |      48 |       0 |   0.0 |      27 |       0 |   0.0
        D:2 |      91 |       8 |   8.1 |      17 |       4 |  19.0
            +---------+---------+-------+---------+---------+-------
